 Dungeon Crawl Stone Soup version 0.30-a0-23-ge60ba3568b (webtiles) character file.

Game seed: 5082464700013414233

184 Sobieck the Cutter (level 5, -8/29 HPs)
             Began as a Vine Stalker Monk on Aug 25, 2022.
             Killed by divine providence
             ... invoked by an orc priest
              (11 damage)
             ... on level 3 of the Dungeon on Aug 26, 2022.
             The game lasted 00:04:02 (3404 turns).

Sobieck the Cutter (Vine Stalker Monk)              Turns: 3404, Time: 00:04:02

Health: -8/29      AC:  2    Str: 13    XL:     5   Next: 63%
Magic:  0/6        EV: 13    Int: 10    God:
Gold:   178        SH:  0    Dex: 19    Spells: 4/4 levels left

rFire   . . .      SeeInvis .    a - +0 short sword {short}
rCold   . . .      Faith    .    (no shield)
rNeg    . . .      Spirit   +    b - +0 robe
rPois   .          Reflect  .    (no helmet)
rElec   .          Harm     .    (no cloak)
rCorr   .          Rampage  .    (no gloves)
Will    .....                    (no boots)
Stlth   ++........               (no amulet)
HPRegen 0.89/turn                (no ring)
MPRegen 0.10/turn                (no ring)

@: no status effects
A: fangs 2, regeneration 1, magic shield, antimagic bite, no potion heal 2
a: no special abilities


You were on level 3 of the Dungeon.
You visited 1 branch of the dungeon, and saw 3 of its levels.

You collected 178 gold pieces.


Innate Abilities, Weirdness & Mutations

You have extremely sharp teeth.
Your natural rate of healing is unusually fast.
When hurt, damage is shared between your health and your magic reserves.
Your bite disrupts and absorbs the magic of your enemies.
Potions cannot restore your health.


   Skills:
 + Level 3.8 Fighting
 * Level 4.8 Short Blades
 - Level 2.4 Dodging
 - Level 2.4 Stealth


You had 4 spell levels left.
You didn't know any spells.
Your spell library contained the following spells:

 Spells                   Type           Power      Damage    Failure   Level
 Sting                    Tmut/Pois      0%         1d3       36%         1
 Poisonous Vapours        Pois/Air       0%         N/A       50%         2
 Animate Armour           Summ/Erth      0%         N/A       98%         4
 Olgreb's Toxic Radiance  Pois           0%         N/A       98%         4
 Blade Hands              Tmut           0%         N/A       100%        5
 Iron Shot                Conj/Erth      0%         9d1       100%        6

Inventory:

Hand Weapons
 a - a +0 short sword (weapon) {short}
 m - a +0 flail of protection {mace}
   (You found it on level 2 of the Dungeon)
Missiles
 e - 16 stones (quivered) {throwing}
 k - 2 throwing nets {=f!fthrowing}
 p - 5 datura-tipped darts {throwing}
 r - 3 silver boomerangs {throwing}
Armour
 b - a +0 robe (worn)
 d - a +0 chain mail
   (You found it on level 1 of the Dungeon)
 f - a +0 robe
   (You found it on level 1 of the Dungeon)
 q - a +0 robe
   (You took it off an orc wizard on level 3 of the Dungeon)
Scrolls
 g - 2 scrolls of identify {unknown}
 h - 4 scrolls of silence {unknown}
 l - a scroll of butterflies {unknown}
 n - a scroll of teleportation {unknown}
Potions
 c - a potion of ambrosia
 i - a potion of cancellation {unknown}
 j - a potion of attraction {unknown}
 o - 2 potions of magic {unknown}

Dungeon Overview and Level Annotations

Branches:
Dungeon (3/15) Zot: 14612

Altars:

#...#.#... #.#...#.
#.....#...#...# #
#.....#..#....# #.
###.....###...#.. #..
#..#...#..#..#..#
#...###...#.#...###...#
#..#.o.#...#...#...#...
.#..o@.#..#..#.....#..
..........#####..)......
...#.....#..#..#.....#.#
.#..#...#...#...#...#..#
.....###.?.#.#...###...#
#...# #..#...#..#..#..#
...# ###.....###...#.#
#. .....#..#....#
.....#...#...#


You could see 2 orc priests.


Message History

You closely miss the orc wizard. Your bite misses the orc wizard.
The orc wizard hits you with a +0 dagger.
You hit the orc wizard but do no damage.
You bite the orc wizard, but do no damage.
You hit the orc wizard but do no damage.
Your bite misses the orc wizard.
The orc wizard hits you with a +0 dagger.
Unknown command.
You closely miss the orc wizard. The orc wizard misses you.
You hit the orc wizard. Your bite misses the orc wizard.
The orc wizard barely misses you.
You hit the orc wizard.
You kill the orc wizard!
q - a +0 robe
Things that are here:
a +0 dagger {short}; an adder corpse Unknown command.
No target in view!
Unknown command.
Unknown command.
r - 3 silver boomerangs {throwing} You see here a +0 club {mace}.
Unknown command.
Things that are here:
a +0 dagger {short}; an adder corpse A howler monkey comes into view.
Danger!
The helpless howler monkey fails to defend itself.
You puncture the howler monkey!
The howler monkey hoots and howls with incredible vigour!
You hear a shout! x5
You hit the howler monkey but do no damage.
The howler monkey barely misses you.
You closely miss the howler monkey. Your bite misses the howler monkey.
The howler monkey misses you.
Unknown command.
You hit the howler monkey.
You kill the howler monkey!
No target in view!
A goblin comes into view. It is wielding a +0 club.
Danger!
The goblin shouts!
You closely miss the goblin. You closely miss the goblin.
The goblin hits you but does no damage.
You closely miss the goblin. You bite the goblin.
You kill the goblin!
No target in view!
No target in view!
You see here a +0 club {mace}.
You now have 178 gold pieces (gained 9).
An orc comes into view. It is wielding a +0 club.
Danger!
An orc priest comes into view.
It is wielding a +0 hand axe of freezing.
The orc priest shouts!
You hear a shout!
The orc priest calls down the wrath of Beogh upon you.
Beogh smites you!
You hear a shout!
You are too injured to fight recklessly!
You are too injured to fight recklessly!
Unknown command.
You hit the orc. You bite the orc. You drain its power.
You feel invigorated. The orc hits you with a +0 club.
You barely miss the orc. You bite the orc.
You kill the orc!
An orc priest comes into view. It is wielding a +0 dagger.
The orc priest barely misses you.
You see here a +0 club {mace}.
Unknown command.
You hit the orc priest but do no damage.
The orc priest calls down the wrath of Beogh upon you.
You struggle to resist.
The orc priest misses you.
You closely miss the orc priest.
Unknown command.
You hit the orc priest but do no damage.
The orc priest hits you but does no damage.
You hit the orc priest. Your bite misses the orc priest.
The orc priest hits you with a +0 hand axe of freezing.
The orc priest freezes you.
You hit the orc priest but do no damage.
You bite the orc priest, but do no damage.
The orc priest miscasts a cantrip.
Unknown command.
You hit the orc priest but do no damage.
The orc priest hits you with a +0 hand axe of freezing.
* * * LOW HITPOINT WARNING * * *
The orc priest freezes you.
* * * LOW HITPOINT WARNING * * *
You closely miss the orc priest.
The orc priest hits you but does no damage.
The orc priest hits you with a +0 hand axe of freezing!
* * * LOW HITPOINT WARNING * * *
The orc priest freezes you.
* * * LOW HITPOINT WARNING * * *
Unknown command.
You hit the orc priest.
The orc priest hits you with a +0 dagger.
* * * LOW HITPOINT WARNING * * *
The orc priest invokes the aid of Beogh against you.
Beogh smites you!
You die...

Skill      XL: |  1  2  3  4 |
---------------+-------------+-----
Short Blades   | 3 4 |  4.8
Fighting       | 3 |  3.8
Dodging        | |  2.4
Stealth        | |  2.4

Action                   |  1- 3 |  4- 6 || total
-------------------------+-------+-------++-------
Melee: Short sword       |   100 |   108 ||   208
       Bite              |    30 |    24 ||    54
       Punch             |     1 |     1 ||     2
 Stab: Sleeping          |     4 |     5 ||     9
Armor: Robe              |    14 |    12 ||    26
Dodge: Dodged            |    59 |    56 ||   115

Levels and vault maps discovered:
D:1:      heliophobic_arrival_battle_scene, layout_basic, serial_curves,
          eino_curves_03, eino_curves_03, eino_curves_01, eino_curves_02
D:2:      layout_basic, hellmonk_ecumenical_altar_lost_god, grunt_ministairs_9,
          minmay_lizard_pond
D:3:      layout_basic, lightli_temple_of_fire, evilmike_ruin_ashenzari,
          minmay_splitting_lines, chequers_serial_rivers_marsh,
          grunt_decor_arrowhead, minmay_misc_feat_roman, dreamdust_wishing_well

Notes
Turn   | Place    | Note
-------+----------+-------------------------------------------
     0 | D:1      | Sobieck the Vine Stalker Monk began the quest for the Orb.
     0 | D:1      | Reached XP level 1. HP: 11/11 MP: 2/2
   308 | D:1      | Reached skill level 3 in Short Blades
   349 | D:1      | Reached XP level 2. HP: 16/16 MP: 3/3
   363 | D:1      | You pick up a book of Iron and begin reading...
   363 | D:1      | You add the spells Animate Armour, Blade Hands and Iron
                  | Shot to your library.
   782 | D:1      | Reached skill level 3 in Fighting
  1170 | D:1      | Reached XP level 3. HP: 18/20 MP: 4/4
  1307 | D:2      | HP: 1/20 [worm (5)]
  1654 | D:2      | HP: 5/20 [poisoned by an adder]
  1994 | D:2      | HP: 5/20 [adder (1)]
  1996 | D:2      | HP: 2/20 [frozen (2)]
  2315 | D:2      | Gained mutation: Your natural rate of healing is unusually
                  | fast. [Vine Stalker growth]
  2315 | D:2      | Reached XP level 4. HP: 11/24 MP: 5/5
  2494 | D:2      | Reached skill level 4 in Short Blades
  2507 | D:2      | Found a faded altar of an unknown god.
  2518 | D:2      | You add the spells Sting, Poisonous Vapours and Olgreb's
                  | Toxic Radiance to your library.
  3293 | D:3      | Reached XP level 5. HP: 25/28 MP: 4/6
  3403 | D:3      | HP: 7/29 [orc priest/+0 hand axe of freezing (6)]
  3404 | D:3      | HP: 3/29 [orc priest/+0 dagger (3)]
  3404 | D:3      | Killed from afar by an orc priest

Vanquished Creatures
  A howler monkey (D:3)
  An orc wizard (D:3)
  6 adders
  2 worms (D:2)
  3 dart slugs
  3 orcs (D:3)
  A ball python (D:1)
  3 endoplasms
  A giant cockroach (D:2)
  6 goblins
  5 hobgoblins (D:1)
  4 kobolds
  A quokka (D:1)
  4 bats
  13 frilled lizards
  6 rats
60 creatures vanquished.

Table legend:
 A = Non-vault XP
 B = Vault XP
 C = Vault XP percentage of total XP
 D = Non-vault monster count
 E = Vault monster count
 F = Vault count percentage of total count
                 A         B        C        D         E       F
            +---------+---------+-------+---------+---------+-------
      Total |     241 |      22 |   8.4 |      51 |       9 |  15.0
            +---------+---------+-------+---------+---------+-------
        D:1 |      34 |       0 |   0.0 |      18 |       0 |   0.0
        D:2 |      89 |      22 |  19.8 |      24 |       9 |  27.3
        D:3 |     118 |       0 |   0.0 |       9 |       0 |   0.0
            +---------+---------+-------+---------+---------+-------

Illustrated notes

Table legend:
 A = Kills in this place as a percentage of kills in entire the game.
 B = Kills by you in this place as a percentage of kills by you in the entire game.
 C = Kills by friends in this place as a percentage of kills by friends in the entire game.
 D = Other kills in this place as a percentage of other kills in the entire game.
 E = Experience gained in this place as a percentage of experience gained in the entire game.
 F = Experience gained in this place divided by the number of levels of this place that you have seen.
                   A       B       C       D       E      F
               +-------+-------+-------+-------+-------+----------------------
         Total | 100.0 | 100.0 |   N/A |   N/A | 100.0 |  87.7
       Dungeon | 100.0 | 100.0 |   N/A |   N/A | 100.0 |  87.7
               +-------+-------+-------+-------+-------+----------------------

Table legend: (Time is in decaauts)
 A = Elapsed time spent in this place.
 B = Non-inter-level travel time spent in this place.
 C = Inter-level travel time spent in this place.
 D = Time resting spent in this place.
 E = Time spent auto-exploring this place.
 F = Levels seen in this place.
 G = Mean time per level.
                   A        B        C        D        E       F      G
               +--------+--------+--------+--------+--------+-----+--------+
         Total |   3386 |   3306 |     80 |   1128 |   1692 |   3 | 1128.7 |
       Dungeon |   3386 |   3306 |     80 |   1128 |   1692 |   3 | 1128.7 |
               +--------+--------+--------+--------+--------+-----+--------+

Top non-repeatable levels by time:
     D:2: 1830 daAuts
     D:1: 1270 daAuts
     D:3: 285 daAuts
